TOP OF THE 1ST |
Boston Rebels batting - Pitching for New Orleans Looters : RHP Edward Baker
|
Pitching: RHP Edward Baker
|
|
Batting: RHB George Reeves
|
0-0: Called Strike 0-1: Ground out 5-3 (Groundball, 56S)
|
Batting: LHB Bill Wilson
|
0-0: Ground out 6-3 (Groundball, 6)
|
Batting: LHB Lorenzo Flores
|
0-0: Called Strike 0-1: SINGLE (Flyball, 89S)
|
Batting: LHB Miguel Rivería
|
0-0: Foul Ball, location: 2F 0-1: Fielders Choice at 2nd, 4-6 (Groundball, 34D)
|
Top of the 1st over - 0 run(s), 1 hit(s), 0 error(s), 0 left on base; Boston 0 - New Orleans 0 |
BOTTOM OF THE 1ST |
New Orleans Looters batting - Pitching for Boston Rebels : RHP Manuel Jimenen
|
Pitching: RHP Manuel Jimenen
|
|
Batting: SHB Arturo Sánchez
|
0-0: Fly out, F5 (Popup, 5S)
|
Batting: RHB Rubén Vázquez
|
0-0: Ball 1-0: Swinging Strike 1-1: Swinging Strike 1-2: Ball 2-2: Foul Ball, location: 2F 2-2: Ball 3-2: Foul Ball, location: 2F 3-2: Ground out 5-3 (Groundball, 5S)
|
Batting: SHB Oliver Deleón
|
0-0: Ball 1-0: Ball 2-0: Ball 3-0: Called Strike 3-1: Base on Balls
|
Batting: RHB Stephen Shaw
|
0-0: Foul Ball, location: 2F 0-1: Called Strike 0-2: DOUBLE (Line Drive, 78D) Oliver Deleón to third
|
Batting: SHB Nate Rhodes
|
0-0: Ball 1-0: Foul Ball, location: 2F 1-1: Ball 2-1: Swinging Strike 2-2: Strikes out swinging
|
Bottom of the 1st over - 0 run(s), 1 hit(s), 0 error(s), 2 left on base; Boston 0 - New Orleans 0 |
TOP OF THE 2ND |
Boston Rebels batting - Pitching for New Orleans Looters : RHP Edward Baker
|
Batting: LHB Felipe Guerrero
|
0-0: Foul Ball, location: 2F 0-1: Foul Ball, location: 2F 0-2: Ball 1-2: Ball 2-2: Ball 3-2: Ground out U3 (Groundball, 34S)
|
Batting: LHB Frank Jackson
|
0-0: Ball 1-0: Called Strike 1-1: Ball 2-1: Called Strike 2-2: Ball 3-2: Fly out, F9 (Flyball, 9)
|
Batting: RHB Alberto Ramos
|
0-0: Ball 1-0: Foul Ball, location: 2F 1-1: Swinging Strike 1-2: Ball 2-2: Strikes out swinging
|
Top of the 2nd over - 0 run(s), 0 hit(s), 0 error(s), 0 left on base; Boston 0 - New Orleans 0 |
BOTTOM OF THE 2ND |
New Orleans Looters batting - Pitching for Boston Rebels : RHP Manuel Jimenen
|
Batting: RHB Dave O'Loan
|
0-0: Ball 1-0: Called Strike 1-1: Ball 2-1: Ball 3-1: Ground out 6-3 (Groundball, 6)
|
Batting: LHB Francisco Vega
|
0-0: Foul Ball, location: 2F 0-1: DOUBLE (Flyball, 8RXD)
|
Batting: LHB Miguel Colón
|
0-0: Ball 1-0: Ball 2-0: Ball Wild Pitch! Francisco Vega to third 3-0: Called Strike 3-1: Foul Ball, location: 2F 3-2: Foul Ball, location: 2F 3-2: Foul Ball, location: 2F 3-2: Base on Balls
|
Batting: RHB Run-ming Zhu
|
0-0: Ball Miguel Colón is caught stealing 2nd base 1-0: Called Strike 1-1: Foul Ball, location: 2F 1-2: Ball 2-2: Foul Ball, location: 2F 2-2: Strikes out swinging
|
Bottom of the 2nd over - 0 run(s), 1 hit(s), 0 error(s), 1 left on base; Boston 0 - New Orleans 0 |
TOP OF THE 3RD |
Boston Rebels batting - Pitching for New Orleans Looters : RHP Edward Baker
|
Batting: RHB Aaron Washington
|
0-0: Ball 1-0: Ball 2-0: Single, Error in OF, E9, batter to second base
|
Batting: LHB Sixto Cortés
|
0-0: Called Strike 0-1: Ball 1-1: Foul Ball, location: 2F 1-2: Fly out, F2 (Popup, 3S)
|
Batting: RHB George Reeves
|
0-0: Ground out 5-3 (Groundball, 56)
|
Batting: LHB Bill Wilson
|
0-0: Ball 1-0: Ball 2-0: Ball 3-0: Called Strike 3-1: Ground out 1-3 (Groundball, P)
|
Top of the 3rd over - 0 run(s), 1 hit(s), 1 error(s), 1 left on base; Boston 0 - New Orleans 0 |
BOTTOM OF THE 3RD |
New Orleans Looters batting - Pitching for Boston Rebels : RHP Manuel Jimenen
|
Batting: SHB Arturo Sánchez
|
0-0: Ball 1-0: Swinging Strike 1-1: Ball 2-1: Swinging Strike 2-2: Ball 3-2: Foul Ball, location: 2F 3-2: Ground out U3 (Groundball, 34S)
|
Batting: RHB Rubén Vázquez
|
0-0: Swinging Strike 0-1: Fly out, F8 (Flyball, 89M)
|
Batting: SHB Oliver Deleón
|
0-0: Called Strike 0-1: Foul Ball, location: 2F 0-2: Ball 1-2: Fly out, F6 (Flyball, 6MD)
|
Bottom of the 3rd over - 0 run(s), 0 hit(s), 0 error(s), 0 left on base; Boston 0 - New Orleans 0 |
TOP OF THE 4TH |
Boston Rebels batting - Pitching for New Orleans Looters : RHP Edward Baker
|
Batting: LHB Lorenzo Flores
|
0-0: Called Strike 0-1: Ball 1-1: Foul Ball, location: 2F 1-2: Foul Ball, location: 2F 1-2: Fly out, F8 (Flyball, 8RS)
|
Batting: LHB Miguel Rivería
|
0-0: Called Strike 0-1: Ball 1-1: Ground out U3 (Groundball, 34S)
|
Batting: LHB Felipe Guerrero
|
0-0: Ball 1-0: Called Strike 1-1: Foul Ball, location: 2F 1-2: Ball 2-2: Ball 3-2: Ground out 3-1 (Groundball, 34)
|
Top of the 4th over - 0 run(s), 0 hit(s), 0 error(s), 0 left on base; Boston 0 - New Orleans 0 |
BOTTOM OF THE 4TH |
New Orleans Looters batting - Pitching for Boston Rebels : RHP Manuel Jimenen
|
Batting: RHB Stephen Shaw
|
0-0: Ball 1-0: Foul Ball, location: 2F 1-1: Foul Ball, location: 2F 1-2: Foul Ball, location: 2F 1-2: Foul Ball, location: 2F 1-2: Ball 2-2: SINGLE (Line Drive, 56D)
|
Batting: SHB Nate Rhodes
|
0-0: Ground out 6-3 (Groundball, 4MS) Stephen Shaw to second
|
Batting: RHB Dave O'Loan
|
0-0: Ball 1-0: Ball 2-0: Called Strike 2-1: Ground out 5-3 (Groundball, 56)
|
Batting: LHB Francisco Vega
|
0-0: Swinging Strike 0-1: Foul Ball, location: 2F 0-2: Ball 1-2: Ball 2-2: Ball 3-2: SINGLE (Flyball, 8RS) Stephen Shaw to third Stephen Shaw scores
|
Batting: LHB Miguel Colón
|
0-0: Ball 1-0: SINGLE (Line Drive, 34D) Francisco Vega to second
|
Batting: RHB Run-ming Zhu
|
0-0: Swinging Strike 0-1: Ball 1-1: Foul Ball, location: 2F 1-2: SINGLE (Groundball, 56D) Francisco Vega to third Miguel Colón to second Runner from 3rd tries for Home, SAFE, no throw
|
Batting: SHB Arturo Sánchez
|
0-0: Called Strike 0-1: SINGLE (Groundball, 56S) (infield hit) Miguel Colón to third Run-ming Zhu to second
|
Batting: RHB Rubén Vázquez
|
0-0: Swinging Strike 0-1: Ball 1-1: Ball 2-1: Foul Ball, location: 2F 2-2: Strikes out swinging
|
Bottom of the 4th over - 2 run(s), 5 hit(s), 0 error(s), 3 left on base; Boston 0 - New Orleans 2 |
TOP OF THE 5TH |
Boston Rebels batting - Pitching for New Orleans Looters : RHP Edward Baker
|
Pitching: RHP Dale Downs
|
|
Batting: LHB Frank Jackson
|
0-0: Fly out, F8 (Flyball, 8LS)
|
Batting: RHB Alberto Ramos
|
0-0: Foul Ball, location: 2F 0-1: SINGLE (Line Drive, 4D)
|
Batting: RHB Aaron Washington
|
0-0: Ball Alberto Ramos steals 2nd base 1-0: Ball 2-0: Foul Ball, location: 2F 2-1: Ground out 4-3 (Groundball, 4) Alberto Ramos to third
|
Batting: LHB Sixto Cortés
|
0-0: Ball 1-0: Ball 2-0: Swinging Strike 2-1: Swinging Strike 2-2: Strikes out swinging
|
Top of the 5th over - 0 run(s), 1 hit(s), 0 error(s), 1 left on base; Boston 0 - New Orleans 2 |
BOTTOM OF THE 5TH |
New Orleans Looters batting - Pitching for Boston Rebels : RHP Manuel Jimenen
|
Pitching: RHP Tony Rocha
|
|
Batting: SHB Oliver Deleón
|
0-0: Ball 1-0: Foul Ball, location: 2F 1-1: Ball 2-1: Ball 3-1: Swinging Strike 3-2: Strikes out swinging
|
Batting: RHB Stephen Shaw
|
0-0: Foul Ball, location: 2F 0-1: Ball 1-1: Swinging Strike 1-2: Foul Ball, location: 2F 1-2: Strikes out looking
|
Batting: SHB Nate Rhodes
|
0-0: Ball 1-0: Called Strike 1-1: Called Strike 1-2: Foul Ball, location: 2F 1-2: Ball 2-2: Ball 3-2: Base on Balls
|
Batting: RHB Dave O'Loan
|
0-0: Called Strike 0-1: Ball 1-1: Swinging Strike 1-2: Ball 2-2: Strikes out swinging
|
Bottom of the 5th over - 0 run(s), 0 hit(s), 0 error(s), 1 left on base; Boston 0 - New Orleans 2 |
TOP OF THE 6TH |
Boston Rebels batting - Pitching for New Orleans Looters : RHP Dale Downs
|
Batting: RHB George Reeves
|
0-0: Ball 1-0: Called Strike 1-1: Called Strike 1-2: Strikes out looking
|
Batting: LHB Bill Wilson
|
0-0: Called Strike 0-1: Ball 1-1: Ball 2-1: Ground out 3-1 (Groundball, 34S)
|
Batting: LHB Lorenzo Flores
|
0-0: Called Strike 0-1: Swinging Strike 0-2: Ball 1-2: Ball 2-2: SINGLE (Groundball, 4D)
|
Batting: LHB Miguel Rivería
|
0-0: Ball 1-0: SINGLE (Flyball, 8RS) Lorenzo Flores to second
|
Batting: LHB Felipe Guerrero
|
0-0: Called Strike 0-1: Ball 1-1: Ball 2-1: Ground out 1-3 (Groundball, 13)
|
Top of the 6th over - 0 run(s), 2 hit(s), 0 error(s), 2 left on base; Boston 0 - New Orleans 2 |
BOTTOM OF THE 6TH |
New Orleans Looters batting - Pitching for Boston Rebels : RHP Tony Rocha
|
Batting: LHB Francisco Vega
|
0-0: Ball 1-0: Ball 2-0: Ground out 1-3 (Groundball, 15S)
|
Batting: LHB Miguel Colón
|
0-0: SINGLE (Line Drive, 56D)
|
Batting: RHB Run-ming Zhu
|
0-0: Foul Ball, location: 2F 0-1: Ball 1-1: Ball 2-1: Swinging Strike 2-2: Strikes out looking
|
Pinch Hitting: RHB Diego Rivera
|
0-0: Ball Miguel Colón steals 2nd base 1-0: Ball 2-0: Called Strike 2-1: Foul Ball, location: 2F 2-2: Strikes out looking
|
Bottom of the 6th over - 0 run(s), 1 hit(s), 0 error(s), 1 left on base; Boston 0 - New Orleans 2 |
TOP OF THE 7TH |
Boston Rebels batting - Pitching for New Orleans Looters : RHP Dale Downs
|
Now at 3B: Justin Harris
|
|
Batting: LHB Frank Jackson
|
0-0: SINGLE (Groundball, 34D)
|
Batting: RHB Alberto Ramos
|
0-0: Ball Frank Jackson steals 2nd base 1-0: Foul Ball, location: 2F 1-1: Ball 2-1: Foul Ball, location: 2F 2-2: Ball 3-2: Base on Balls
|
Pinch Hitting: LHB Lee Burton
|
0-0: Sac Bunt - play at first, batter OUT! 1-3 Frank Jackson to third Alberto Ramos to second
|
Pitching: LHP Tadao Yoshida
|
|
Batting: LHB Sixto Cortés
|
0-0: Called Strike 0-1: Swinging Strike 0-2: Ball 1-2: Foul Ball, location: 2F 1-2: Foul Ball, location: 2F 1-2: Strikes out looking
|
Pinch Hitting: RHB Pedro Rodríguez
|
0-0: Called Strike 0-1: Ball 1-1: Foul Ball, location: 2F 1-2: Ball 2-2: Ball 3-2: Fly out, F9 (Flyball, 9S)
|
Top of the 7th over - 0 run(s), 1 hit(s), 0 error(s), 2 left on base; Boston 0 - New Orleans 2 |
BOTTOM OF THE 7TH |
New Orleans Looters batting - Pitching for Boston Rebels : RHP Tony Rocha
|
Now at 2B: Roberto Chávez
|
|
Now at SS: Peter Sexton
|
|
Batting: LHB Taylor Smith
|
0-0: Called Strike 0-1: Called Strike 0-2: Ball 1-2: Foul Ball, location: 2F 1-2: Strikes out swinging
|
Pinch Hitting: RHB Tim Gardner
|
0-0: Foul Ball, location: 2F 0-1: SINGLE (Flyball, 8RS)
|
Pinch Hitting: LHB Seung-chun Mun
|
0-0: Called Strike 0-1: Foul Ball, location: 2F 0-2: Ball 1-2: Foul Ball, location: 2F 1-2: Strikes out swinging
|
Pitching: RHP Alfredo Ruíz
|
|
Pinch Hitting: LHB Eduardo Rodríguez
|
0-0: Ball 1-0: Ball 2-0: Ball 3-0: Called Strike 3-1: Base on Balls Tim Gardner to second
|
Pinch Hitting: LHB John Hudson
|
0-0: DOUBLE (Flyball, 8LXD) Tim Gardner scores Eduardo Rodríguez to third Runner from 3rd tries for Home, SAFE, no throw
|
Pinch Hitting: RHB José Mora
|
0-0: Ball 1-0: Ball 2-0: Ground out 4-3 (Groundball, 34)
|
Bottom of the 7th over - 2 run(s), 2 hit(s), 0 error(s), 1 left on base; Boston 0 - New Orleans 4 |
TOP OF THE 8TH |
Boston Rebels batting - Pitching for New Orleans Looters : LHP Tadao Yoshida
|
Now at 1B: Germán Romero
|
|
Now at 2B: José Mora
|
|
Now at SS: Tim Gardner
|
|
Now in LF: Eduardo Rodríguez
|
|
Now in RF: John Hudson
|
|
Pinch Hitting: RHB Ken McDonald
|
0-0: Ball 1-0: Foul Ball, location: 2F 1-1: Ball 2-1: SINGLE (Line Drive, 89S)
|
Pinch Hitting: RHB Ángel Garza
|
0-0: Called Strike 0-1: Ball 1-1: Foul Ball, location: 2F 1-2: Ball 2-2: Foul Ball, location: 2F 2-2: 2-RUN HOME RUN (Flyball, 7LD), Distance : 341 ft
|
Pitching: LHP Juan Méndez
|
|
Pinch Hitting: RHB Randy Simons
|
0-0: Called Strike 0-1: Ground out 5-3 (Groundball, 56S)
|
Pinch Hitting: RHB Rob Bass
|
0-0: Called Strike 0-1: Ball 1-1: Foul Ball, location: 2F 1-2: Strikes out swinging
|
Batting: RHB Clancy Booker
|
0-0: Called Strike 0-1: Ball 1-1: Swinging Strike 1-2: Strikes out looking
|
Top of the 8th over - 2 run(s), 2 hit(s), 0 error(s), 0 left on base; Boston 2 - New Orleans 4 |
BOTTOM OF THE 8TH |
New Orleans Looters batting - Pitching for Boston Rebels : RHP Alfredo Ruíz
|
Now at 1B: Ken McDonald
|
|
Now at 2B: Randy Simons
|
|
Now in CF: Ricardo Brandariz
|
|
Now in RF: Jeff Gordon
|
|
Pinch Hitting: RHB Carl Brown
|
0-0: Called Strike 0-1: Ball 1-1: Ball 2-1: Called Strike 2-2: Foul Ball, location: 2F 2-2: Foul Ball, location: 2F 2-2: Foul Ball, location: 2F 2-2: Foul Ball, location: 2F 2-2: Foul Ball, location: 2F 2-2: Foul Ball, location: 2F 2-2: Ball 3-2: Ground out 6-3 (Groundball, 6S)
|
Batting: RHB Run-ming Zhu
|
0-0: Called Strike 0-1: Foul Ball, location: 2F 0-2: Ball 1-2: Ground out 6-3 (Groundball, 6S)
|
Pitching: LHP Yoshihiro Hasegawa
|
|
Batting: RHB Justin Harris
|
0-0: Called Strike 0-1: Ground out 5-3 (Groundball, 56)
|
Bottom of the 8th over - 0 run(s), 0 hit(s), 0 error(s), 0 left on base; Boston 2 - New Orleans 4 |
TOP OF THE 9TH |
Boston Rebels batting - Pitching for New Orleans Looters : LHP Juan Méndez
|
Pitching: RHP Roy March
|
|
Now in CF: António Salazar
|
|
Pinch Hitting: RHB Jesús Dávila
|
0-0: Ball 1-0: Foul Ball, location: 2F 1-1: Foul Ball, location: 2F 1-2: Ball 2-2: Foul Ball, location: 2F 2-2: Ball 3-2: SINGLE (Line Drive, 34D)
|
Pinch Runner at 1st Nick Marshall:
|
|
Pinch Hitting: LHB Sergio Barrón
|
0-0: Called Strike 0-1: Called Strike 0-2: Ball 1-2: Ball 2-2: Strikes out swinging
|
Pinch Hitting: RHB Emílio Salas
|
0-0: Grounds into double play, 5-4-3 (Groundball, 56)
|
Top of the 9th over - 0 run(s), 1 hit(s), 0 error(s), 0 left on base; Boston 2 - New Orleans 4 |
|